 Dungeon Crawl Stone Soup version 0.21-a0-442-g848f44b (webtiles) character file.

30 slep the Magician (level 3, 0/26 HPs)
             Began as a Hill Orc Wanderer on Nov 17, 2017.
             Slain by an adder (3 damage)
             ... on level 2 of the Dungeon.
             The game lasted 00:04:05 (1258 turns).

slep the Magician (Hill Orc Wanderer)               Turns: 1258, Time: 00:04:06

Health: 0/26       AC:  4    Str: 14    XL:     3   Next: 18%
Magic:  7/7        EV:  8    Int: 12    God:
Gold:   77         SH:  6    Dex: 11    Spells: 7/7 levels left

rFire    . . .     SeeInvis .   j - +0 short sword
rCold    . . .     Gourm    .   x - +0 shield
rNeg     . . .     Faith    .   g - +0 leather armour
rPois    .         Spirit   .   (no helmet)
rElec    .         Reflect  .   (no cloak)
rCorr    .         Harm     .   (no gloves)
MR       .....                  i - +0 pair of boots
Stlth    +.........             (no amulet)
HPRegen  0.08/turn              (no ring)
MPRegen  0.10/turn              (no ring)

@: lethally poisoned (0 -> -9)
A: no striking features
a: no special abilities


You were on level 2 of the Dungeon.
You were not hungry.

You visited 1 branch of the dungeon, and saw 2 of its levels.

You collected 77 gold pieces.

Inventory:

Hand Weapons
 a - a +0 dagger
 b - a +2 blowgun
 j - a +0 short sword (weapon)
Missiles
 h - a curare-tipped needle
 u - 3 needles of paralysis
Armour
 e - a +0 robe
 g - a +0 leather armour (worn)
 i - a +0 pair of boots (worn)
 x - a +0 shield (worn)
Jewellery
 v - an uncursed ring of magical power {unknown}
Scrolls
 k - a scroll of enchant weapon {unknown}
 l - 2 scrolls of fear {unknown}
 s - 2 scrolls of identify {unknown}
 t - a scroll of teleportation {unknown}
Potions
 m - a potion of brilliance {unknown}
 n - a potion of magic {unknown}
 p - a potion of mutation {unknown}
 q - a potion of heal wounds {unknown}
 r - 2 potions of curing {unknown}
 w - a potion of flight {unknown}
Books
 c - Lent's Catalogue of Evil Magic

   Spells                             Type                      Level
   a - Corpse Rot                     Necromancy                   2
   b - Sublimation of Blood           Necromancy                   2
 d - the Guide on Transmutation

   Spells                             Type                      Level
   a - Passwall                       Transmutation/Earth          2
   b - Sticks to Snakes               Transmutation                2
Comestibles
 f - 2 bread rations
 o - a royal jelly


   Skills:
 + Level 0.1 Fighting
 + Level 1.0 Short Blades
   Level 2.1 Maces & Flails
 + Level 1.1 Throwing
 + Level 1.2 Armour
 + Level 0.6 Dodging
 + Level 1.0 Stealth
 + Level 2.9 Spellcasting
   Level 2.0 Conjurations


You had 7 spell levels left.
You didn't know any spells.

Dungeon Overview and Level Annotations

Branches:
Dungeon (2/15)

Altars:


Message History

The adder bites you.
You are more poisoned.
The adder poisons you! The adder bites you but does no damage.
You miss the adder. The adder bites you.
You are lethally poisoned!
The adder poisons you!
You closely miss the adder.
You feel sick. The adder bites you.
* * * LOW HITPOINT WARNING * * *
The adder bites you but does no damage.
You closely miss the adder.
* * * LOW HITPOINT WARNING * * *
You feel sick. The adder barely misses you.
You closely miss the adder.
* * * LOW HITPOINT WARNING * * *
You feel sick. You block the adder's attack. The adder closely misses you.
You hit the adder.
The adder is heavily wounded.
* * * LOW HITPOINT WARNING * * *
You feel sick. The adder bites you.
You die...

### ##.## ##.#.##
####..
##.###.##########.!....
#.## ##.......@S..#
##.###.#########..#
##.#.## #..# #...#
#.... #...# ##.###
#...# .. #...# l##
#...# .. #...####### ##


You could see an adder.

Vanquished Creatures
  An adder (D:2)
  A ball python (D:1)
  2 bats (D:2)
  2 giant cockroaches (D:1)
  5 goblins
  2 kobolds (D:1)
  A frilled lizard (D:1)
  5 rats
19 creatures vanquished.

Notes
Turn   | Place    | Note
-------+----------+-------------------------------------------
     0 | D:1      | slep the Hill Orc Wanderer began the quest for the Orb.
     0 | D:1      | slep set off with: a curare-tipped needle, a +2 blowgun, Lent's Catalogue of Evil Magic, the Guide on Transmutation, a +0 robe, a bread ration
     0 | D:1      | Reached XP level 1. HP: 14/14 MP: 3/3
   253 | D:1      | Reached XP level 2. HP: 1/20 MP: 5/5
  1251 | D:2      | Reached skill level 1 in Short Blades
  1251 | D:2      | Reached XP level 3. HP: 18/26 MP: 7/7
  1258 | D:2      | Slain by an adder

Vault maps used:
D:1:      lightli_arrival_isolated_outpost

Skill      XL: |  1  2 |
---------------+-------+-----
Short Blades   | 1 |  1.0
Fighting       | |  0.1
Maces & Flails | |  2.1
Throwing       | |  1.1
Armour         | |  1.2
Dodging        | |  0.6
Stealth        | |  1.0
Spellcasting   | |  2.9
Conjurations   | |  2.0

Action                   || total
-------------------------++-------
Melee: Dagger            ||    30
       Short sword       ||    73
 Fire: Blowgun           ||     1
 Stab: Sleeping          ||     3
  Eat: Chunk             ||     1
Armor: Leather armour    ||    38
Dodge: Dodged            ||    48
Block: Shield            ||     7

Table legend:
 A = Spawn XP
 B = Non-spawn XP
 C = Spawn XP percentage of total XP
 D = Spawn monster count
 E = Non-spawn monster count
 F = Spawn count percentage of total count
 G = Total turns spent on level
                    A         B        C        D         E        F      G
               +---------+---------+-------+---------+---------+-------+---------
         Total |       0 |      43 |   0.0 |       0 |      19 |   0.0 |  1258
               +---------+---------+-------+---------+---------+-------+---------
           D:1 |       0 |      18 |   0.0 |       0 |      10 |   0.0 |   987
           D:2 |       0 |      25 |   0.0 |       0 |       9 |   0.0 |   271
               +---------+---------+-------+---------+---------+-------+---------
